 Dungeon Crawl Stone Soup version 0.29.1-15-g9cfb28693d (webtiles) character file.

Game seed: 17851158334545839943

9 leafyfresh the Sneak (level 2, -3/21 HPs)
             Began as an Octopode Delver on Mar 3, 2023.
             Slain by an orc
             ... wielding a +0 dagger
              (5 damage)
             ... on level 5 of the Dungeon.
             The game lasted 00:00:14 (29 turns).

leafyfresh the Sneak (Octopode Delver)                Turns: 29, Time: 00:00:15

Health: -3/21      AC:  1    Str: 11    XL:     2   Next: 12%
Magic:  2/2        EV: 13    Int: 12    God:
Gold:   0          SH:  0    Dex: 13    Spells: 1/1 levels left

rFire   . . .      SeeInvis .   a - +0 short sword
rCold   . . .      Faith    .   (no shield)
rNeg    . . .      Spirit   .   (helmet restricted)
rPois   .          Reflect  .   (no amulet)
rElec   .          Harm     .   (no ring)
rCorr   .          Rampage  .   (no ring)
Will    .....                   (no ring)
Stlth   ++++......              (no ring)
HPRegen 0.07/turn               (no ring)
MPRegen 0.08/turn               (no ring)
                                (no ring)
                                (no ring)

@: no status effects
A: almost no armour, amphibious, 8 rings, camouflage 1, gelatinous body 1,
(nimble swimmer 1), tentacles
a: no special abilities


You were on level 5 of the Dungeon.
You visited 1 branch of the dungeon, and saw 1 of its levels.

Inventory:

Hand Weapons
 a - a +0 short sword (weapon)
Wands
 f - a wand of digging (3)
Scrolls
 b - a scroll of fog
 c - a scroll of magic mapping
 d - a scroll of fear
 g - a scroll of noise {unknown}
Potions
 e - a potion of haste


   Skills:
 + Level 3.1 Fighting
 - Level 2.2 Short Blades
 + Level 2.2 Dodging
 + Level 6.7 Stealth


You had one spell level left.
You didn't know any spells.
Your spell library was empty.

Dungeon Overview and Level Annotations

Branches:
Dungeon (5/15)
 Temple: D:4-7

Altars:


Innate Abilities, Weirdness & Mutations

You cannot wear most types of armour.
You are amphibious.
You can wear up to eight rings at the same time.
Your skin changes colour to match your surroundings (Stealth+).
Your rubbery body absorbs attacks. (AC +1, EV +1)
((You are camouflaged when in or above water. (Stealth+)))
You have tentacles for arms and can constrict up to eight enemies at once.


Message History

Press ? for a list of commands and other information.
Found a scroll labelled TEMATHOJIN.
Found two stone staircases leading down.
g - a scroll labelled TEMATHOJIN No target in view!
Found a scale mail.
No target in view!
Found a stone staircase leading up.
No target in view!
There is a stone staircase leading down here.
An orc and an adder come into view.
There are monsters nearby!
There is a stone staircase leading up here.
The adder hisses angrily.
The adder closely misses you.
The orc shouts!
You hit the adder. Your grab misses the adder. You squeeze the adder.
The adder is severely wounded.
The adder bites you.
You are poisoned.
The adder poisons you!
You hit the adder.
You kill the adder!
You feel sick.
You have reached level 2!
You feel sick.
You feel sick.
A scorpion comes into view.
You feel sick. The orc attacks as you move away!
The orc hits you with a +0 dagger.
You feel sick.
You feel sick. The orc hits you with a +0 dagger.
* * * LOW HITPOINT WARNING * * *
There is a stone staircase leading up here.
You barely miss the orc. Your grab misses the orc.
You feel sick.
You are no longer poisoned.
The orc closely misses you.
You hit the orc but do no damage. You grab the orc. You constrict the orc.
The orc hits you with a +0 dagger.
You die...

#.# #.# ....# #.# #.# ###
#.#.# #.# #.# #..
####.#.### #.# #.# #.#
........# #.# #.# #.#
###......# #.# #.# #.###
#........# #.# #.####....
#........####.###.#...>.##
.#....†...@.....>..........
.........o..[...........###
.#.............#....#.###
........######.#..###.#
.####.#.# #.#..# #.# #.#.#
#.#..# #.# #.... #..... ...
###.# ....... .. #s.


You could see an orc.

Vanquished Creatures
  An adder (D:5)
1 creature vanquished.

Notes
Turn   | Place    | Note
-------+----------+-------------------------------------------
     0 | D:5      | leafyfresh the Octopode Delver began the quest for the Orb.
     0 | D:5      | Reached XP level 1. HP: 16/16 MP: 1/1
    23 | D:5      | Reached XP level 2. HP: 14/21 MP: 2/2
    24 | D:5      | Noticed a scorpion
    29 | D:5      | Slain by an orc

Illustrated notes

Levels and vault maps discovered:
D:5:      layout_loops_ring, gammafunk_ghost_mausoleum,
          nicolae_ossuary_entry_ruins, kennysheep_generic_room_6

Action                   || total
-------------------------++-------
Melee: Short sword       ||     4
       Tentacles         ||     1
       Constrict         ||     1
Dodge: Dodged            ||     2
